cohdb
Replays
Latest Replays
All Replays
Popular Replays
Top Player Replays
Match Explorer
How It Works
Community
CoH3 Stats
Reddit
Sign in to upload your games and track your stats! →
Sign in with Steam
Match 43314283
Unlisted
Match 43314283
Overview
Messages
Build Orders
End
Royal Engineer Section
Construct Section Command Post
Dingo Light Scout Car
Infantry Section
Infantry Section
ML 3-inch Mortar Team
Construct Field Infirmary
Construct Platoon Command Post
6-pounder Anti-tank Gun Team
Infantry Section
Infantry Training
Selects Air and Sea Battlegroup
Selects Commando Section Paradrop
Selects Commando Support Section Paradrop
Commando Support Section Paradrop
6-pounder Anti-tank Gun Team
Construct Company Command Post
Ra11
aSIINiedi
lattouf
HelpingHans
0
0
Comments
sign in to comment!
No comments posted yet!